 Dungeon Crawl Stone Soup version 0.31-a0-145-g046c7d2549 (webtiles) character file.

Game seed: 10678182136205057187

408 qw the Skirmisher (level 6, -5/52 HPs)
             Began as a Minotaur Hunter on June 7, 2023.
             Was an Initiate of Okawaru.
             Slain by Duvessa
             ... wielding a +0 rapier
              (9 damage)
             ... on level 5 of the Dungeon.
             The game lasted 00:01:16 (3503 turns).

qw the Skirmisher (Minotaur Hunter)                 Turns: 3503, Time: 00:01:17

Health: -5/52      AC:  9    Str: 15    XL:     6   Next: 57%
Magic:  5/5        EV: 16    Int:  6    God:    Okawaru [......]
Gold:   235        SH:  0    Dex: 16    Spells: 5/5 levels left

rFire   . . .        Y - +0 shortbow
rCold   . . .        (shield currently unavailable)
rNeg    . . .        i - +2 ring mail {Will+}
rPois   .            (helmet restricted)
rElec   .            (no cloak)
rCorr   .            d - +1 pair of gloves
SInv    .            (no boots)
Will    +....        (no amulet)
Stlth   +            g - +5 ring of evasion
HPRegen 0.28/turn    (no ring)
MPRegen 0.09/turn

%: no passive effects
@: no status effects
A: horns 2, retaliatory headbutt
a: Renounce Religion


You were on level 5 of the Dungeon.
You worshipped Okawaru.
Okawaru was noncommittal.
You visited 2 branches of the dungeon, and saw 6 of its levels.

You collected 235 gold pieces.


Innate Abilities, Weirdness & Mutations

You have a pair of horns on your head.
You reflexively headbutt those who attack you in melee.


   Skills:
 + Level 4.0 Fighting
 - Level 8.1 Ranged Weapons
 - Level 1.2 Armour
 - Level 2.1 Dodging
 - Level 0.7 Stealth


You had 5 spell levels left.
You didn't know any spells.
Your spell library was empty.

Inventory:

Hand Weapons
 Y - a +0 shortbow (weapon)
Armour
 d - a +1 pair of gloves (worn)
 i - a +2 ring mail of willpower (worn)
Jewellery
 g - a +5 ring of evasion (left hand)
Scrolls
 h - a scroll of identify
Potions
 a - a potion of haste
 e - 8 potions of curing
 f - a potion of cancellation {unknown}
 j - a potion of degeneration {unknown}

Dungeon Overview and Level Annotations

Branches:
Dungeon (5/15)             Temple (1/1) D:4

Altars:
Ashenzari
Dithmenos
Elyvilon
Gozag
Hepliaklqana
Makhleb
Nemelex Xobeh
Okawaru
Qazlal
Ru
Uskayaw
Vehumet
Wu Jian
Xom
Yredelemnul
Zin

Shops:
D:2 [

Annotations:
D:5 Duvessa


Message History

Dowan casts a spell at you.
The puff of flame hits you but does no damage.
Duvessa barely misses you.
A scorpion comes into view.
You shoot an arrow. The arrow hits Dowan!
You kill Dowan!
Okawaru accepts your kill.
Duvessa weeps, and shakes her weapon.
Duvessa goes berserk!
Duvessa misses you. Duvessa hits you with a +0 rapier.
Your Ranged Weapons skill increases to level 8!
You shoot an arrow. The arrow barely misses Duvessa.
Duvessa closely misses you.
You shoot an arrow. The arrow hits Duvessa.
Duvessa is moderately wounded.
Duvessa hits you with a +0 rapier! Duvessa hits you with a +0 rapier!!
You shoot an arrow. The arrow hits Duvessa.
Duvessa is heavily wounded.
Duvessa hits you with a +0 rapier. The scorpion misses you.
You furiously retaliate!
You headbutt the scorpion, but do no damage.
Duvessa hits you with a +0 rapier!
You shoot an arrow. The arrow hits Duvessa!
Duvessa is heavily wounded.
The scorpion barely misses you. Duvessa completely misses you.
The scorpion stings you but does no damage.
You shoot an arrow. The arrow hits Duvessa!
Duvessa is severely wounded.
Duvessa completely misses you. Duvessa closely misses you.
The scorpion stings you but does no damage.
You shoot an arrow. The arrow closely misses Duvessa.
Duvessa hits you but does no damage.
The scorpion stings you but does no damage.
Duvessa barely misses you. You furiously retaliate!
You headbutt Duvessa! You shoot an arrow.
The arrow hits Duvessa but does no damage.
Duvessa is almost dead.
The scorpion stings you but does no damage.
Duvessa hits you with a +0 rapier!
You die...

##.. ## # .... ..
.# ### .... .##.
... #[.. ... ....
#>#.##.. ...
[##...... ###..
........##.#.#####
#...s@..#.......
.....#..e.<.....#
... ##.#.##.##...
. #.#... # #.#####
#.# #.# #.#


You could see Duvessa (berserk, fast) and a scorpion.

Vanquished Creatures
  A scorpion (D:4)
  Dowan (D:5)
  An orc priest (D:3)
  An iguana (D:4)
  Robin (D:3)
  3 gnolls (D:2)
  11 adders
  3 worms
  3 dart slugs
  4 orcs (D:3)
  8 endoplasms
  3 giant cockroaches
  7 hobgoblins
  2 jackals (D:2)
  12 ball pythons
  3 bats
  10 frilled lizards
  17 goblins
  3 kobolds
  5 rats
99 creatures vanquished.

Notes
Turn   | Place    | Note
-------+----------+-------------------------------------------
     0 | D:1      | qw the Minotaur Hunter began the quest for the Orb.
     0 | D:1      | Reached XP level 1. HP: 18/18 MP: 0/0
     0 | D:1      | 0 ||| qw: Version: 0.2-a-117-gc6b5c8b
     0 | D:1      | 0 ||| qw: Game counter: 2440
     0 | D:1      | 0 ||| qw: Always use a shield: true
     0 | D:1      | 0 ||| qw: God list: Okawaru
     0 | D:1      | 0 ||| qw: Allow faded altars: false
     0 | D:1      | 0 ||| qw: Do Orc after D:15 true
     0 | D:1      | 0 ||| qw: Do second Lair branch before Depths: true
     0 | D:1      | 0 ||| qw: Lair rune preference: random
     0 | D:1      | 0 ||| qw: Plans: Normal
     0 | D:1      | 0 ||| PLANNING D:1-11
   126 | D:1      | Reached XP level 2. HP: 21/25 MP: 1/1
   317 | D:1      | Reached skill level 5 in Ranged Weapons
   794 | D:1      | 794 ||| UPGRADING to +0 pair of gloves.
   799 | D:1      | 799 ||| DROPPING ring of flight.
   800 | D:1      | 800 ||| DROPPING scroll of butterflies.
   847 | D:2      | Found Ystes's Antique Armour Emporium.
   856 | D:2      | 856 ||| SHOPLISTING fine robe (91 gold, have 66).
   856 | D:2      | 856 ||| SHOPLISTING pair of boots (72 gold, have 66).
   856 | D:2      | 856 ||| SHOPLISTING spiked cloak (152 gold, have 66).
   879 | D:2      | Reached skill level 3 in Fighting
   885 | D:2      | Reached XP level 3. HP: 31/31 MP: 2/2
   953 | D:2      | 953 ||| FLEEEEING.
   954 | D:2      | 954 ||| FLEEEEING.
   955 | D:2      | 955 ||| FLEEEEING.
  1083 | D:2      | Reached XP level 4. HP: 38/38 MP: 3/3
  1119 | D:2      | Reached skill level 6 in Ranged Weapons
  1340 | D:2      | Reached skill level 1 in Armour
  1859 | D:2      | 1859 ||| UPGRADING to +5 ring of evasion.
  1860 | D:2      | 1860 ||| READING 2 scrolls labelled IWOSO DEQO EPS.
  1861 | D:2      | 1861 ||| READING scroll of enchant armour.
  1861 | D:2      | 1861 ||| ENCHANTING +0 pair of gloves.
  1862 | D:2      | 1862 ||| READING scroll labelled VYNEBO JEIR.
  1863 | D:2      | 1863 ||| DRINKING 5 red potions.
  2023 | D:3      | Reached XP level 5. HP: 46/46 MP: 4/4
  2066 | D:3      | Identified the +0 helmet of Boredom {Dex+6}
  2066 | D:3      | Noticed Robin
  2067 | D:3      | 2067 ||| Stepping ~*~*~tactically~*~*~ (outnumbered).
  2069 | D:3      | 2069 ||| Stepping ~*~*~tactically~*~*~ (outnumbered).
  2098 | D:3      | Killed Robin
  2390 | D:3      | 2390 ||| UPGRADING to +2 ring mail of willpower.
  2400 | D:3      | 2400 ||| DROPPING +0 leather armour.
  2401 | D:3      | 2401 ||| UPGRADING to amulet of guardian spirit.
  2406 | D:3      | 2406 ||| READING scroll labelled ZANODY DUGE.
  2407 | D:3      | 2407 ||| READING scroll labelled CINAEM ISTRABI.
  2408 | D:3      | 2408 ||| READING 4 scrolls labelled YQIBIQU UKANK.
  2409 | D:3      | 2409 ||| DRINKING 2 inky potions.
  2410 | D:3      | 2410 ||| READING 3 scrolls of identify.
  2410 | D:3      | 2410 ||| IDENTIFYING emerald potion
  2411 | D:3      | 2411 ||| DROPPING potion of attraction.
  2412 | D:3      | 2412 ||| DROPPING potion of invisibility.
  2497 | D:4      | Reached skill level 7 in Ranged Weapons
  2699 | D:4      | Found a staircase to the Ecumenical Temple.
  2701 | D:4      | 2701 ||| PLANNING TEMPLE
  2701 | D:4      | 2701 ||| READING 2 scrolls of identify.
  2701 | D:4      | 2701 ||| IDENTIFYING murky silvery potion
  2721 | D:4      | Reached XP level 6. HP: 52/52 MP: 5/5
  2722 | Temple   | Entered the Ecumenical Temple
  2723 | Temple   | 2723 ||| PLANNING OKAWARU WORSHIP
  2789 | Temple   | Became a worshipper of Warmaster Okawaru
  2789 | Temple   | 2789 ||| PLANNING D:1-11
  2790 | Temple   | 2790 ||| REMOVING amulet of guardian spirit.
  2795 | Temple   | 2795 ||| DROPPING amulet of guardian spirit.
  3435 | D:4      | 3435 ||| READING scroll labelled PIZAEJU CEARUC.
  3436 | D:4      | 3436 ||| READING scroll labelled BOBBUAHI IBOG.
  3484 | D:5      | Entered Level 5 of the Dungeon
  3487 | D:5      | Noticed Dowan
  3488 | D:5      | Noticed Duvessa
  3496 | D:5      | Killed Dowan
  3497 | D:5      | Reached skill level 8 in Ranged Weapons
  3498 | D:5      | HP: 12/52 [Duvessa/+0 rapier (18)]
  3499 | D:5      | HP: 2/52 [Duvessa/+0 rapier (9)]
  3503 | D:5      | Slain by Duvessa

Levels and vault maps discovered:
D:1:      dpeg_arrival_orchard, layout_loops_corners, minmay_ruptured
D:2:      minmay_wonky_spiral, layout_loops_ring, serial_shops, shop,
          chequers_decorated_corner, minivault_5, minmay_misc_feat_x
D:3:      layout_rooms, uniq_robin
D:4:      layout_basic, minmay_temple_entry_statues_fountains,
          roderic_lattice_a, minmay_lizard_king
D:5:      layout_loops_ring, uniq_duvessa
Temple:   nicolae_temple_x_marks_the_god

Skill      XL: |  1  2  3  4  5  6 |
---------------+-------------------+-----
Ranged Weapons | 5 6 7 8 |  8.1
Fighting       | 3 4 |  4.0
Armour         | 1 |  1.2
Dodging        | |  2.1
Stealth        | |  0.7

Action                     |  1- 3 |  4- 6 || total
---------------------------+-------+-------++-------
   Fire: Shortbow          |    87 |   198 ||   285
    Use: Scroll            |       |    10 ||    10
         Potion            |       |     2 ||     2
 Armour: Leather armour    |     6 |    15 ||    21
         Ring mail         |       |    14 ||    14
  Dodge: Dodged            |    24 |    72 ||    96

Table legend:
 A = Non-vault XP
 B = Vault XP
 C = Vault XP percentage of total XP
 D = Non-vault monster count
 E = Vault monster count
 F = Vault count percentage of total count
                 A         B        C        D         E       F
            +---------+---------+-------+---------+---------+-------
      Total |     418 |     166 |  28.4 |      72 |      27 |  27.3
            +---------+---------+-------+---------+---------+-------
        D:1 |      13 |       5 |  27.8 |       8 |       4 |  33.3
        D:2 |     132 |      16 |  10.8 |      26 |       3 |  10.3
        D:3 |     111 |      34 |  23.4 |      19 |      11 |  36.7
        D:4 |     162 |      44 |  21.4 |      19 |       8 |  29.6
        D:5 |       0 |      67 | 100.0 |       0 |       1 | 100.0
            +---------+---------+-------+---------+---------+-------
